[ PARTIDA AOE2 · #469725490 ]
Team EWFrancos vs Ethiopians
[ ANÁLISIS DE REPETICIÓN · EXTRAÍDO DE LA PARTIDA GRABADA ]
Feudal
—
Castillos
—
Imperial
—
| APM promedio | 8.7 |
| APM pico | 30 |
| eAPM promedio | 5.1 |
| Aldeanos / militares | 17 / 9 |
Foco
⚔️ 32.9% · 🌾 67.1%
Scout Cavalry ×6 · Knight ×3
Feudal
—
Castillos
—
Imperial
—
| APM promedio | 30.3 |
| APM pico | 46 |
| eAPM promedio | 15.4 |
| Aldeanos / militares | 53 / 36 |
Foco
⚔️ 27.1% · 🌾 72.9%
Skirmisher ×24 · Scorpion ×6 · Scout Cavalry ×5 · Monk ×1
Feudal
—
Castillos
—
Imperial
—
| APM promedio | 39.2 |
| APM pico | 69 |
| eAPM promedio | 14.5 |
| Aldeanos / militares | 29 / 57 |
Foco
⚔️ 45.4% · 🌾 54.6%
Archer ×27 · Spearman ×12 · Knight ×10 · Mangonel ×3 · Skirmisher ×3 · Militia ×2
Feudal
—
Castillos
—
Imperial
—
| APM promedio | 38.9 |
| APM pico | 78 |
| eAPM promedio | 18.5 |
| Aldeanos / militares | 46 / 78 |
Foco
⚔️ 38.4% · 🌾 61.6%
Archer ×66 · Shotel Warrior ×8 · Spearman ×2 · Battering Ram ×2
Mapa de la partida
Recursos iniciales + cada clic de construcción. Líneas = muros · curvas = relieve. ◆ oro · ⬟ piedra · ● bayas · ✦ reliquia · ◌ hueco del cierre
Tu base· Abierta — flanco sin cerrar
Base de rogerthat19· Abierta — flanco sin cerrar
Base de suicide_chewbacca· Abierta — flanco sin cerrar
Base de Mystic Poop· Abierta — hueco de 10t
Terreno inicial suavizado · ◌ = hueco del cierre detectado · pasá el cursor para detalles
Inputs por minuto
— romandoinov21 - - rogerthat19
Build order — romandoinov21
49 acciones detectadas en el replay
| 0:11 | Investigar | Double-Bit Axe |
| 0:40 | Crear | Villager (Male) |
| 0:40 | Crear | Villager (Male) |
| 0:44 | Investigar | Wheelbarrow |
| 0:59 | Construir | Stable |
| 1:17 | Construir | Watch Tower |
| 1:55 | Construir | Mill |
| 3:46 | Crear | Scout Cavalry |
| 3:47 | Crear | Scout Cavalry |
| 3:47 | Crear | Scout Cavalry |
| 3:47 | Crear | Scout Cavalry |
| 3:48 | Crear | Scout Cavalry |
| 3:49 | Crear | Scout Cavalry |
| 5:34 | Construir | Mining Camp |
| 6:10 | Investigar | Castle Age |
| 6:30 | Construir | Blacksmith |
| 7:20 | Investigar | Scale Barding Armor |
| 8:43 | Crear | Villager (Male) |
| 8:43 | Crear | Villager (Male) |
| 9:03 | Crear | Villager (Male) |
| 9:53 | Crear | Villager (Male) |
| 9:54 | Crear | Villager (Male) |
| 10:06 | Construir | Town Center |
| 10:27 | Crear | Villager (Male) |
| 10:30 | Investigar | Hand Cart |
| 11:24 | Construir | Farm |
| 11:24 | Construir | Farm |
| 11:24 | Construir | Farm |
| 11:24 | Construir | Farm |
| 11:25 | Construir | Farm |
| 11:25 | Construir | Farm |
| 11:29 | Construir | Farm |
| 11:30 | Construir | Farm |
| 11:35 | Crear | Villager (Male) |
| 11:35 | Crear | Villager (Male) |
| 11:35 | Crear | Villager (Male) |
| 11:35 | Crear | Villager (Male) |
| 11:36 | Crear | Villager (Male) |
| 11:37 | Crear | Villager (Male) |
| 11:38 | Crear | Villager (Male) |
| 12:26 | Crear | Villager (Male) |
| 12:27 | Crear | Villager (Male) |
| 13:09 | Investigar | Bow Saw |
| 13:16 | Investigar | Stone Mining |
| 13:45 | Construir | Siege Workshop |
| 13:48 | Construir | Siege Workshop |
| 14:08 | Crear | Knight |
| 14:08 | Crear | Knight |
| 14:08 | Crear | Knight |
Build order — rogerthat19
130 acciones detectadas en el replay
| 0:00 | Crear | Villager (Male) |
| 0:01 | Crear | Villager (Male) |
| 0:12 | Construir | Stable |
| 0:14 | Construir | Palisade Wall |
| 0:23 | Crear | Villager (Male) |
| 0:41 | Construir | House |
| 0:59 | Crear | Scout Cavalry |
| 0:59 | Crear | Scout Cavalry |
| 1:17 | Crear | Villager (Male) |
| 1:18 | Crear | Villager (Male) |
| 1:26 | Construir | Farm |
| 1:26 | Construir | Farm |
| 1:32 | Crear | Villager (Male) |
| 2:02 | Crear | Scout Cavalry |
| 2:04 | Crear | Villager (Male) |
| 2:20 | Crear | Scout Cavalry |
| 2:54 | Construir | Mill |
| 2:55 | Crear | Villager (Male) |
| 2:55 | Crear | Villager (Male) |
| 2:59 | Crear | Scout Cavalry |
| 3:10 | Construir | House |
| 3:11 | Construir | House |
| 3:11 | Construir | House |
| 3:45 | Construir | Archery Range |
| 3:49 | Crear | Villager (Male) |
| 3:49 | Crear | Villager (Male) |
| 3:55 | Construir | Farm |
| 4:17 | Crear | Villager (Male) |
| 4:17 | Crear | Villager (Male) |
| 4:23 | Crear | Villager (Male) |
| 5:35 | Crear | Skirmisher |
| 5:36 | Crear | Skirmisher |
| 5:36 | Crear | Skirmisher |
| 5:54 | Investigar | Castle Age |
| 5:58 | Crear | Skirmisher |
| 5:58 | Crear | Skirmisher |
| 6:00 | Construir | Archery Range |
| 6:09 | Crear | Villager (Male) |
| 6:22 | Construir | House |
| 6:26 | Construir | Palisade Wall |
| 6:29 | Crear | Skirmisher |
| 6:29 | Crear | Skirmisher |
| 6:29 | Crear | Skirmisher |
| 7:17 | Crear | Skirmisher |
| 7:17 | Crear | Skirmisher |
| 8:36 | Crear | Skirmisher |
| 8:36 | Crear | Skirmisher |
| 8:36 | Crear | Skirmisher |
| 8:36 | Crear | Skirmisher |
| 8:36 | Crear | Skirmisher |
| 8:37 | Crear | Skirmisher |
| 8:50 | Investigar | Elite Skirmisher (upgrade) |
| 9:00 | Construir | Town Center |
| 9:50 | Crear | Skirmisher |
| 9:51 | Crear | Skirmisher |
| 9:55 | Investigar | Fletching |
| 9:58 | Investigar | Horse Collar |
| 10:00 | Investigar | Double-Bit Axe |
| 10:35 | Crear | Villager (Male) |
| 10:36 | Crear | Villager (Male) |
| 10:36 | Crear | Villager (Male) |
| 10:36 | Crear | Villager (Male) |
| 10:37 | Crear | Villager (Male) |
| 11:15 | Construir | Farm |
| 11:18 | Crear | Villager (Male) |
| 11:18 | Crear | Villager (Male) |
| 11:18 | Crear | Villager (Male) |
| 11:26 | Construir | Town Center |
| 11:41 | Construir | Farm |
| 11:43 | Construir | Farm |
| 11:47 | Construir | Farm |
| 12:18 | Construir | University |
| 12:49 | Crear | Villager (Male) |
| 12:49 | Crear | Villager (Male) |
| 12:51 | Construir | Farm |
| 13:36 | Construir | Siege Workshop |
| 13:47 | Crear | Skirmisher |
| 13:47 | Crear | Skirmisher |
| 13:47 | Crear | Skirmisher |
| 13:47 | Crear | Skirmisher |
| 13:48 | Crear | Skirmisher |
| 13:48 | Crear | Skirmisher |
| 13:52 | Investigar | Ballistics |
| 13:53 | Crear | Villager (Male) |
| 13:53 | Crear | Villager (Male) |
| 13:56 | Crear | Villager (Male) |
| 13:56 | Crear | Villager (Male) |
| 13:57 | Crear | Villager (Male) |
| 14:02 | Construir | Farm |
| 14:02 | Construir | Farm |
| 14:02 | Construir | Farm |
| 14:02 | Construir | Farm |
| 14:10 | Construir | Lumber Camp |
| 14:13 | Crear | Villager (Male) |
| 14:25 | Crear | Scorpion |
| 14:25 | Crear | Scorpion |
| 14:31 | Construir | Farm |
| 14:44 | Crear | Villager (Male) |
| 14:44 | Crear | Villager (Male) |
| 14:44 | Crear | Villager (Male) |
| 14:51 | Construir | House |
| 14:53 | Construir | House |
| 14:58 | Construir | House |
| 14:59 | Construir | House |
| 15:01 | Construir | House |
| 15:04 | Construir | Monastery |
| 15:34 | Crear | Villager (Male) |
| 15:34 | Crear | Villager (Male) |
| 15:34 | Crear | Villager (Male) |
| 15:35 | Crear | Villager (Male) |
| 15:45 | Crear | Scorpion |
| 15:45 | Crear | Scorpion |
| 15:56 | Crear | Villager (Male) |
| 15:57 | Crear | Villager (Male) |
| 15:57 | Crear | Villager (Male) |
| 16:41 | Crear | Villager (Male) |
| 16:41 | Crear | Villager (Male) |
| 16:42 | Crear | Villager (Male) |
| 17:01 | Crear | Monk |
| 17:07 | Crear | Villager (Male) |
| 17:08 | Crear | Villager (Male) |
| 17:08 | Crear | Villager (Male) |
| 17:09 | Crear | Villager (Male) |
| 17:30 | Crear | Scorpion |
| 17:31 | Crear | Scorpion |
| 17:49 | Crear | Villager (Male) |
| 17:49 | Crear | Villager (Male) |
| 17:49 | Crear | Villager (Male) |
| 18:08 | Crear | Villager (Male) |
| 18:08 | Crear | Villager (Male) |
Build order — suicide_chewbacca
130 acciones detectadas en el replay
| 0:04 | Crear | Villager (Male) |
| 0:05 | Crear | Villager (Male) |
| 0:10 | Construir | Archery Range |
| 0:49 | Crear | Archer |
| 0:49 | Crear | Archer |
| 0:49 | Crear | Archer |
| 1:10 | Crear | Villager (Male) |
| 1:10 | Crear | Villager (Male) |
| 1:29 | Crear | Archer |
| 2:34 | Crear | Archer |
| 2:34 | Crear | Archer |
| 2:39 | Crear | Spearman |
| 2:39 | Crear | Spearman |
| 2:48 | Construir | Archery Range |
| 3:07 | Construir | Barracks |
| 4:13 | Construir | Archery Range |
| 4:19 | Construir | Farm |
| 4:20 | Construir | Farm |
| 4:22 | Construir | Farm |
| 4:30 | Construir | Farm |
| 4:31 | Construir | Farm |
| 4:31 | Construir | Farm |
| 4:31 | Construir | Farm |
| 4:31 | Construir | Farm |
| 4:32 | Construir | Farm |
| 4:32 | Construir | Farm |
| 4:36 | Crear | Militia |
| 4:36 | Crear | Militia |
| 4:41 | Crear | Spearman |
| 4:41 | Crear | Spearman |
| 4:41 | Crear | Spearman |
| 4:50 | Construir | Farm |
| 5:14 | Crear | Spearman |
| 5:14 | Crear | Spearman |
| 5:25 | Crear | Villager (Male) |
| 5:25 | Crear | Villager (Male) |
| 5:25 | Crear | Villager (Male) |
| 5:25 | Crear | Villager (Male) |
| 5:26 | Crear | Villager (Male) |
| 5:37 | Crear | Spearman |
| 5:51 | Construir | Archery Range |
| 6:04 | Investigar | Forging |
| 6:09 | Crear | Villager (Male) |
| 6:09 | Crear | Villager (Male) |
| 6:21 | Crear | Spearman |
| 6:22 | Crear | Spearman |
| 6:48 | Construir | Farm |
| 6:54 | Investigar | Double-Bit Axe |
| 7:25 | Construir | Farm |
| 7:27 | Construir | Farm |
| 7:38 | Construir | Mill |
| 7:40 | Crear | Villager (Male) |
| 7:46 | Crear | Spearman |
| 7:46 | Crear | Spearman |
| 8:19 | Construir | Market |
| 8:23 | Crear | Villager (Male) |
| 8:23 | Crear | Villager (Male) |
| 8:25 | Crear | Villager (Male) |
| 9:41 | Investigar | Castle Age |
| 10:01 | Investigar | Gold Mining |
| 10:23 | Investigar | Fletching |
| 10:23 | Investigar | Padded Archer Armor |
| 10:26 | Crear | Archer |
| 10:27 | Crear | Skirmisher |
| 10:27 | Crear | Archer |
| 10:28 | Crear | Archer |
| 10:28 | Crear | Archer |
| 10:29 | Crear | Archer |
| 10:29 | Crear | Archer |
| 10:30 | Crear | Archer |
| 10:30 | Crear | Archer |
| 10:31 | Crear | Archer |
| 10:32 | Crear | Archer |
| 10:32 | Crear | Archer |
| 10:32 | Crear | Archer |
| 10:34 | Crear | Skirmisher |
| 10:34 | Crear | Skirmisher |
| 10:42 | Crear | Archer |
| 10:43 | Crear | Archer |
| 10:43 | Crear | Archer |
| 10:50 | Investigar | Horse Collar |
| 11:27 | Investigar | Town Watch |
| 11:43 | Crear | Archer |
| 11:43 | Crear | Archer |
| 11:43 | Crear | Archer |
| 11:44 | Crear | Archer |
| 11:44 | Crear | Archer |
| 11:44 | Crear | Archer |
| 12:55 | Construir | Watch Tower |
| 13:04 | Investigar | Crossbowman (upgrade) |
| 13:05 | Investigar | Thumb Ring |
| 13:10 | Investigar | Bodkin Arrow |
| 13:43 | Construir | Stable |
| 13:44 | Construir | Stable |
| 13:52 | Investigar | Wheelbarrow |
| 13:53 | Crear | Villager (Male) |
| 13:53 | Crear | Villager (Male) |
| 14:01 | Crear | Villager (Male) |
| 14:01 | Crear | Villager (Male) |
| 14:15 | Construir | Mining Camp |
| 14:23 | Crear | Villager (Male) |
| 14:51 | Crear | Villager (Male) |
| 14:51 | Crear | Villager (Male) |
| 15:09 | Construir | Siege Workshop |
| 15:37 | Crear | Mangonel |
| 15:37 | Crear | Mangonel |
| 15:45 | Crear | Villager (Male) |
| 15:45 | Crear | Villager (Male) |
| 15:45 | Crear | Villager (Male) |
| 15:50 | Investigar | Stone Mining |
| 16:46 | Crear | Knight |
| 16:46 | Crear | Knight |
| 16:46 | Crear | Knight |
| 16:46 | Crear | Knight |
| 16:46 | Crear | Knight |
| 16:47 | Crear | Knight |
| 16:47 | Crear | Knight |
| 16:55 | Construir | Lumber Camp |
| 16:57 | Crear | Villager (Male) |
| 16:57 | Crear | Villager (Male) |
| 16:57 | Crear | Villager (Male) |
| 16:57 | Crear | Villager (Male) |
| 17:37 | Investigar | Iron Casting |
| 17:40 | Crear | Mangonel |
| 18:14 | Construir | Farm |
| 18:19 | Investigar | Bloodlines |
| 18:40 | Construir | Farm |
| 18:45 | Crear | Knight |
| 18:45 | Crear | Knight |
| 18:45 | Crear | Knight |
Build order — Mystic Poop
Primeras 150 de 184 acciones detectadas
| 0:01 | Crear | Villager (Male) |
| 0:01 | Crear | Villager (Male) |
| 0:16 | Construir | Archery Range |
| 0:33 | Construir | Watch Tower |
| 0:35 | Crear | Villager (Male) |
| 0:37 | Crear | Villager (Male) |
| 0:41 | Crear | Villager (Male) |
| 0:51 | Crear | Villager (Male) |
| 1:02 | Construir | Archery Range |
| 1:04 | Crear | Archer |
| 1:04 | Crear | Archer |
| 1:28 | Construir | House |
| 1:32 | Construir | Palisade Wall |
| 1:37 | Crear | Villager (Male) |
| 1:46 | Crear | Villager (Male) |
| 1:51 | Crear | Archer |
| 1:51 | Crear | Archer |
| 1:51 | Crear | Archer |
| 1:51 | Crear | Archer |
| 1:52 | Crear | Archer |
| 1:55 | Construir | House |
| 2:02 | Crear | Archer |
| 2:02 | Crear | Archer |
| 2:02 | Crear | Archer |
| 2:14 | Investigar | Fletching |
| 2:19 | Crear | Villager (Male) |
| 2:36 | Construir | House |
| 2:41 | Construir | Palisade Wall |
| 2:46 | Crear | Archer |
| 2:46 | Crear | Archer |
| 3:23 | Crear | Archer |
| 3:23 | Crear | Archer |
| 3:43 | Construir | House |
| 3:46 | Construir | Palisade Wall |
| 3:47 | Crear | Villager (Male) |
| 4:03 | Crear | Archer |
| 4:03 | Crear | Archer |
| 4:19 | Construir | House |
| 4:23 | Construir | Palisade Wall |
| 4:32 | Construir | Building 804 |
| 4:57 | Investigar | Padded Archer Armor |
| 4:58 | Crear | Archer |
| 4:58 | Crear | Archer |
| 4:59 | Crear | Archer |
| 5:05 | Crear | Archer |
| 5:06 | Crear | Villager (Male) |
| 5:07 | Crear | Villager (Male) |
| 5:11 | Construir | House |
| 5:12 | Crear | Villager (Male) |
| 5:20 | Construir | Mining Camp |
| 5:24 | Crear | Villager (Male) |
| 6:28 | Construir | Mill |
| 6:28 | Crear | Villager (Male) |
| 6:29 | Crear | Villager (Male) |
| 6:33 | Construir | Palisade Wall |
| 7:38 | Crear | Archer |
| 7:38 | Crear | Archer |
| 7:38 | Crear | Archer |
| 7:39 | Crear | Archer |
| 8:16 | Crear | Spearman |
| 8:16 | Crear | Spearman |
| 8:18 | Crear | Archer |
| 8:18 | Crear | Archer |
| 8:27 | Investigar | Castle Age |
| 8:31 | Construir | Lumber Camp |
| 8:44 | Construir | House |
| 8:48 | Crear | Archer |
| 8:48 | Crear | Archer |
| 8:56 | Investigar | Horse Collar |
| 9:11 | Construir | Market |
| 9:26 | Investigar | Double-Bit Axe |
| 10:07 | Investigar | Gold Mining |
| 10:09 | Crear | Archer |
| 10:09 | Crear | Archer |
| 10:09 | Crear | Archer |
| 10:30 | Crear | Archer |
| 11:11 | Investigar | Crossbowman (upgrade) |
| 11:23 | Construir | Town Center |
| 11:25 | Investigar | Wheelbarrow |
| 11:35 | Construir | Town Center |
| 11:36 | Crear | Villager (Male) |
| 11:37 | Crear | Villager (Male) |
| 11:40 | Construir | Lumber Camp |
| 11:52 | Investigar | Thumb Ring |
| 12:02 | Crear | Archer |
| 12:03 | Crear | Archer |
| 12:03 | Crear | Archer |
| 12:03 | Crear | Archer |
| 12:03 | Crear | Archer |
| 12:08 | Crear | Villager (Male) |
| 12:57 | Crear | Archer |
| 12:57 | Crear | Archer |
| 13:04 | Investigar | Bodkin Arrow |
| 13:10 | Crear | Villager (Male) |
| 13:10 | Crear | Villager (Male) |
| 13:13 | Construir | Farm |
| 13:13 | Construir | Farm |
| 13:13 | Construir | Farm |
| 13:14 | Construir | Farm |
| 13:14 | Construir | Farm |
| 13:14 | Construir | Farm |
| 13:14 | Construir | Farm |
| 13:15 | Construir | Farm |
| 14:10 | Construir | Siege Workshop |
| 14:20 | Crear | Archer |
| 14:20 | Crear | Archer |
| 14:21 | Crear | Archer |
| 14:21 | Crear | Archer |
| 14:21 | Crear | Archer |
| 14:22 | Crear | Archer |
| 14:40 | Crear | Archer |
| 14:40 | Crear | Archer |
| 14:40 | Crear | Archer |
| 14:41 | Crear | Archer |
| 14:41 | Crear | Archer |
| 14:42 | Crear | Villager (Male) |
| 14:42 | Crear | Villager (Male) |
| 14:53 | Construir | Castle |
| 14:58 | Construir | House |
| 15:06 | Crear | Villager (Male) |
| 15:06 | Crear | Villager (Male) |
| 15:07 | Crear | Villager (Male) |
| 15:16 | Crear | Battering Ram |
| 15:20 | Crear | Villager (Male) |
| 15:21 | Crear | Villager (Male) |
| 15:27 | Crear | Villager (Male) |
| 15:27 | Crear | Villager (Male) |
| 15:41 | Crear | Battering Ram |
| 15:47 | Construir | House |
| 15:48 | Construir | House |
| 15:48 | Construir | House |
| 15:50 | Crear | Villager (Male) |
| 15:52 | Construir | Farm |
| 15:54 | Crear | Villager (Male) |
| 15:54 | Crear | Villager (Male) |
| 16:00 | Construir | House |
| 16:01 | Construir | House |
| 16:01 | Construir | House |
| 16:03 | Construir | House |
| 16:25 | Construir | Mining Camp |
| 16:29 | Crear | Archer |
| 16:30 | Crear | Archer |
| 16:30 | Crear | Archer |
| 16:34 | Construir | University |
| 16:38 | Crear | Villager (Male) |
| 16:39 | Crear | Villager (Male) |
| 16:39 | Crear | Villager (Male) |
| 16:40 | Crear | Villager (Male) |
| 16:44 | Construir | Farm |
| 16:59 | Crear | Shotel Warrior |
Cronología de la partida
| 0:10 | suicide_chewbacca · first_building Archery Range |
| 0:12 | rogerthat19 · first_building Stable |
| 0:14 | rogerthat19 · wall_segment Palisade Wall x1 |
| 0:16 | Mystic Poop · first_building Archery Range |
| 0:59 | romandoinov21 · first_building Stable |
| 1:32 | Mystic Poop · wall_segment Palisade Wall x11 |
| 2:41 | Mystic Poop · wall_segment Palisade Wall x3 |
| 3:07 | suicide_chewbacca · first_building Barracks |
| 3:45 | rogerthat19 · first_building Archery Range |
| 3:46 | Mystic Poop · wall_segment Palisade Wall x6 |
| 4:23 | Mystic Poop · wall_segment Palisade Wall x7 |
| 6:26 | rogerthat19 · wall_segment Palisade Wall x7 |
| 6:33 | Mystic Poop · wall_segment Palisade Wall x6 |
| 11:48 | Mystic Poop · first_market_buy 100 food |
| 11:49 | Mystic Poop · first_market_sell 100 wood |
| 13:36 | rogerthat19 · first_building Siege Workshop |
| 13:43 | suicide_chewbacca · first_building Stable |
| 13:45 | romandoinov21 · first_building Siege Workshop |
| 14:10 | Mystic Poop · first_building Siege Workshop |
| 14:53 | Mystic Poop · first_building Castle |
| 15:04 | rogerthat19 · first_building Monastery |
| 15:08 | romandoinov21 · resign |
| 15:09 | suicide_chewbacca · first_building Siege Workshop |
[ ANÁLISIS IA · 1 CRÉDITO ]
¿Qué pasó realmente en esta partida?
Wolo.gg analiza cada decisión: build order, eco, micro, errores típicos por bracket. Análisis personalizado por WhatsApp o Discord en 30 segundos.
Guía civ
Francos
Guía mapa
Morass
Perfil
Jugador #25007660